 Dungeon Crawl Stone Soup version 0.20-a0-435-gf4ea4dd (webtiles) character file.

84037 AlphabetPasta the Ogre Mage (level 15, -14/143 HPs)
             Began as an Ogre Conjurer on Jan 4, 2017.
             Was the Champion of Vehumet.
             Demolished by Rupert
             ... wielding a +4 great mace of draining
              (15 damage)
             ... on level 13 of the Dungeon.
             The game lasted 03:10:13 (31475 turns).

AlphabetPasta the Ogre Mage (Ogre Conjurer)        Turns: 31475, Time: 03:10:14

Health: -14/143    AC:  6    Str: 16    XL:     15   Next: 79%
Magic:  22/32      EV: 10    Int: 39    God:    Vehumet [******]
Gold:   2681       SH:  9    Dex:  6    Spells: 5/41 levels left

rFire  x . .     SeeInvis .     W - staff of conjuration
rCold  + . .     Gourm    .     O - +2 robe {rC+}
rNeg   . . .     Faith    .     r - +0 shield
rPois  +         Spirit   .     (helmet restricted)
rElec  +         Reflect  .     S - +0 cloak of Recklessness {rElec rPois Int+7 Dex-3}
rCorr  .         Harm     .     (gloves unavailable)
MR     +....                    (boots unavailable)
Stlth  +.........               K - amulet of magic regeneration
                                d - ring "Wuwy" {Wiz +Fly rF- Int+8 Slay+6}
                                G - +3 ring of intelligence

@: very slightly contaminated, repel missiles, heavily drained
A: unfitting armour, tough skin 1
a: Renounce Religion, Evoke Flight


You were on level 13 of the Dungeon.
You worshipped Vehumet.
Vehumet was exalted by your worship.
You were hungry.

You visited 4 branches of the dungeon, and saw 23 of its levels.
You also visited: Ice Cave.

You collected 3284 gold pieces.
You spent 603 gold pieces at shops.

Inventory:

Hand Weapons
 Y - the +5 lajatang of Responsibility {venom, MR+++ Str-2 Dex+6}
   (You found it on level 6 of the Lair of Beasts)

   It poisons the flesh of those it strikes.
   It affects your strength (-2).
   It affects your dexterity (+6).
   It affects your resistance to hostile enchantments.
Missiles
 U - 14 large rocks (quivered)
Armour
 r - a +0 shield (worn)
 O - a +2 robe of cold resistance (worn)
 S - the +0 cloak of Recklessness (worn) {rElec rPois Int+7 Dex-3}
   (You bought it in a shop on level 11 of the Dungeon)

   It affects your intelligence (+7).
   It affects your dexterity (-3).
   It insulates you from electricity.
   It protects you from poison.
Magical Staves
 V - an uncursed staff of fire
 W - an uncursed staff of conjuration (weapon)
Jewellery
 d - the ring "Wuwy" (right hand) {Wiz +Fly rF- Int+8 Slay+6}
   (You found it in an ice cave)

   [ring of wizardry]

   It improves your spell success rate.
   It affects your intelligence (+8).
   It affects your accuracy and damage with ranged weapons and melee attacks
   (+6).
   It makes you vulnerable to fire.
   It lets you fly.
 e - an uncursed ring of protection from cold
 G - a +3 ring of intelligence (left hand)
 K - an amulet of magic regeneration (around neck)
 L - an uncursed ring of see invisible
 P - a +2 amulet of reflection {unknown}
Wands
 b - a wand of clouds (4/9)
 h - a wand of scattershot (0/9)
 j - a wand of paralysis (21/24)
 o - a wand of flame (5/48)
 p - a wand of confusion (29/48)
 A - a wand of random effects (39/48)
 C - a wand of digging (8/24)
 D - a wand of iceblast (6/15)
 E - a wand of digging (8/24)
 I - a wand of flame (18/48)
 T - a wand of iceblast (4/15)
Scrolls
 f - 6 scrolls of fog
 l - 4 scrolls of remove curse
 t - 4 scrolls of teleportation
 v - 5 scrolls of recharging
 x - 5 scrolls of magic mapping
 y - a scroll of enchant armour
 N - 6 scrolls of enchant weapon
 Q - a scroll of silence
Potions
 a - a potion of brilliance
 g - 2 potions of curing
 i - 2 potions of ambrosia
 m - a potion of cancellation
 n - 2 potions of flight
 u - 2 potions of haste
 z - a potion of agility
 B - a potion of magic
 H - 2 potions of might
 M - 2 potions of berserk rage
 R - 2 potions of mutation {unknown}
Comestibles
 c - 15 bread rations
 k - a chunk of flesh
 s - a meat ration
 w - 17 fruits
 X - 18 beef jerkies


   Skills:
 + Level 7.7(5.7) Fighting
 - Level 7.0(5.1) Staves
 + Level 8.6(6.6) Dodging
 - Level 1.4(0.0) Stealth
 - Level 9.2(7.1) Shields
 + Level 13.7(11.4) Spellcasting
 + Level 13.6(11.3) Conjurations
 + Level 10.2(8.1) Earth Magic
 - Level 4.0(2.2) Evocations


You had 5 spell levels left.
You knew the following spells:

 Your Spells              Type           Power        Failure   Level  Hunger
a - Magic Dart            Conj           ####         1%          1    None
b - Searing Ray           Conj           ######       1%          2    None
c - Dazzling Spray        Conj/Hex       ######       1%          3    None
d - Iskenderun's Mystic   Conj           ########     1%          4    None
e - Poisonous Cloud       Conj/Pois/Air  ######....   1%          5    None
f - Stone Arrow           Conj/Erth      ######       1%          3    None
g - Sticky Flame          Conj/Fire      #######.     1%          4    None
h - Lee's Rapid Deconstr  Erth           ######....   1%          5    None
i - Repel Missiles        Chrm/Air       ###...       1%          2    None
j - Orb of Destruction    Conj           ########..   2%          7    #####..


Dungeon Overview and Level Annotations

Branches:
Dungeon (14/15) Temple (1/1) D:5 Lair (6/6) D:9 Swamp (0/4) Lair:4 Snake (0/4) Lair:3 Slime (0/5) Lair:6 Orc (2/2) D:11 Elf (0/3) Orc:2 Vaults (0/5) D:13 D:14

Altars:
Ashenzari
Cheibriados
Dithmenos
Elyvilon
Fedhas
Gozag
Hepliaklqana
Kikubaaqudgha
Makhleb
Nemelex Xobeh
Okawaru
Qazlal
Ru
Sif Muna
Trog
Uskayaw
Vehumet
Xom
Yredelemnul
Zin
The Shining One
Beogh

Shops:
D:4 =   D:10 (   D:11 [*:[   Orc:2 :?}:(

Portals:
Trove: D:12 (give 8 potions of agility)

Annotations:
D:13 Rupert
D:14 Nessos, Urug


Innate Abilities, Weirdness & Mutations

You are too large for most types of armour.
You have tough skin. (AC +1)


Message History

Aim: Rupert, wielding a great mace of draining and wearing a chain mail (heavily wounded, berserk, fast, unusually strong, poisoned)
You feel a surge of power!
The orb of energy hits Rupert.
Rupert is severely wounded.
The yak gores you!
Rupert hits you with a great mace of draining!!
You feel drained.
* * * LOW HITPOINT WARNING * * *
The yak gores you.
* * * LOW HITPOINT WARNING * * *
Okay, then.
Okay, then.
Rupert completely misses you. You block the yak's attack.
You block Rupert's attack. You block Rupert's attack.
You are feeling hungry.
Rupert hits you with a great mace of draining!!!
* * * LOW HITPOINT WARNING * * *
You feel drained.
You die...

..#..##......# #.##.........#..
..##.........# #........[...##.
..###...[....######...........##.
..###.#.........##...........###.
.....<.........[..............##.
#......##...####.##.#....[....##.
.......<....# #.##.#.........##.
####..###...####....Y............
###.............@@YY.............
#...#####.....####...........####
...## #.#....###..........## #
##.# #.#.....####...####.# ##
...# ##.#.###.)##..### #.# #.
.### ##......[†..†...# #.# #. .##
#...#(#######...# #.# #.
..#####.#.#...# #...# #.#####
....##..#.###.#####.### ###......


You could see Rupert (berserk) and 3 yaks.

Vanquished Creatures
  An acid blob (Lair:6)
  Snorg (Orc:1)
  Erolcha (D:9)
  2 catoblepae
  3 ice dragons
  7 hydras
  A ghost crab (Lair:4)
  A death knight (D:12)
  3 two-headed ogres
  6 death yaks
  5 orc high priests (Orc:2)
  Nergalle (D:10)
  Pikel (D:5)
  A phantasmal warrior (D:12)
  A deep elf mage (D:14)
  2 orc knights
  4 lindwurms (Lair:6)
  2 ugly things
  4 oklob plants (Lair:3)
  4 cyclopes
  A centaur zombie (D:6)
  13 elephants
  Joseph (D:8)
  The ghost of roxanna the Destroyer, a novice GrWz of Sif Muna (D:7)
  2 ice statues (IceCv)
  6 black mambas
  A gargoyle (D:13)
  10 spiny frogs
  6 torpor snails (Lair:6)
  8 komodo dragons
  3 rime drakes
  6 trolls
  9 polar bears (Lair:6)
  A hornet (shapeshifter) (D:13)
  7 hornets
  A polar bear (shapeshifter) (D:11)
  18 blink frogs
  3 tyrant leeches (Lair:6)
  4 raiju (Lair:6)
  7 dream sheep (Lair:5)
  6 hippogriffs
  A spriggan (D:9)
  3 wraiths
  2 wyverns (D:9)
  11 humans (D:13)
  3 basilisks
  20 yaks
  2 hungry ghosts
  A vampire mosquito (D:10)
  10 wargs
  7 insubstantial wisps (Lair:4)
  A soldier ant (D:11)
  An acid dragon (D:12)
  8 water moccasins
  8 porcupines
  13 hell hounds (Lair:6)
  4 sky beasts
  A hornet zombie (D:8)
  11 orc warriors
  A slave (D:5)
  29 ice beasts
  3 phantoms (D:11)
  2 eyes of draining
  8 ogres
  13 black bears
  2 necrophages
  6 centaurs
  16 crocodiles
  26 wolves
  3 big kobolds
  16 bullfrogs
  A gnoll sergeant (D:12)
  A wyvern zombie (D:12)
  A water moccasin zombie (D:8)
  4 scorpions
  2 troll zombies (D:11)
  6 wights
  An electric eel (Lair:5)
  7 howler monkeys
  9 crimson imps
  3 jellies
  2 bullfrog zombies
  4 hounds
  A quasit (D:12)
  2 centaur skeletons
  4 bullfrog skeletons
  39 orc priests
  21 orc wizards
  Jessica (D:3)
  10 worker ants
  4 ogre zombies (D:11)
  2 hound skeletons
  2 worker ant zombies
  A howler monkey zombie (D:6)
  10 gnolls
  8 adders
  4 shadow imps
  An ooze (D:4)
  4 adder skeletons
  2 adder zombies
  3 worms
  3 dart slugs
  6 leopard geckos
  89 orcs
  2 ball pythons
  4 giant cockroaches
  9 hobgoblins
  18 jackals
  4 quokkas
  6 bats
  3 frilled lizards
  4 goblins
  A goblin skeleton (D:12)
  A goblin zombie (D:11)
  A hobgoblin skeleton (D:11)
  2 hobgoblin zombies (D:11)
  A jackal skeleton (D:6)
  28 kobolds
  A leopard gecko skeleton (D:8)
  2 orc skeletons (D:11)
  11 orc zombies (D:11)
  3 quokka skeletons
  9 rats
  A bush (Lair:6)
  3 fungi (Lair:6)
  5 plants
774 creatures vanquished.

Vanquished Creatures (others)
  A bush (Lair:6)
  23 fungi
  51 plants
75 creatures vanquished.

Grand Total: 849 creatures vanquished

Notes
Turn   | Place    | Note
-------+----------+-------------------------------------------
     0 | D:1      | AlphabetPasta the Ogre Conjurer began the quest for the Orb.
     0 | D:1      | Reached XP level 1. HP: 16/16 MP: 3/3
   163 | D:1      | Reached XP level 2. HP: 24/24 MP: 0/5
   170 | D:1      | Learned a level 2 spell: Searing Ray
   629 | D:1      | Reached XP level 3. HP: 13/31 MP: 0/7
  1372 | D:2      | Found an opulent altar of Gozag.
  1532 | D:2      | Reached XP level 4. HP: 39/39 MP: 2/8
  1538 | D:2      | Found a stormy altar of Qazlal.
  1808 | D:2      | Found a bloodstained altar of Trog.
  2086 | D:3      | Found a sacrificial altar of Ru.
  2170 | D:3      | Noticed Jessica
  2174 | D:3      | Killed Jessica
  2234 | D:3      | Found a hazy altar of Hepliaklqana.
  2269 | D:3      | Reached XP level 5. HP: 45/45 MP: 3/9
  2452 | D:3      | Reached skill level 5 in Conjurations
  2779 | D:3      | Learned a level 3 spell: Dazzling Spray
  2784 | D:3      | Learned a level 4 spell: Iskenderun's Mystic Blast
  2969 | D:3      | Reached XP level 6. HP: 53/53 MP: 3/11
  3268 | D:3      | Reached skill level 1 in Fighting
  3543 | D:4      | Reached XP level 7. HP: 21/63 MP: 0/13
  3815 | D:4      | Found an iron altar of Okawaru.
  3844 | D:4      | Found Qigin's Jewellery Shop.
  4253 | D:4      | Found a blossoming altar of Fedhas.
  4606 | D:5      | Entered Level 5 of the Dungeon
  4753 | D:5      | Found a staircase to the Ecumenical Temple.
  4761 | D:5      | Reached skill level 5 in Spellcasting
  4768 | Temple   | Entered the Ecumenical Temple
  4774 | Temple   | Became a worshipper of Vehumet
  5095 | D:5      | Noticed Pikel
  5104 | D:5      | Killed Pikel
  5104 | D:5      | Reached XP level 8. HP: 61/79 MP: 6/16
  5228 | D:5      | Found an opulent altar of Gozag.
  5557 | D:6      | Reached skill level 5 in Fighting
  5573 | D:6      | Learned a level 4 spell: Iskenderun's Mystic Blast
  5799 | D:6      | Reached XP level 9. HP: 73/88 MP: 13/18
  6179 | D:6      | Reached * piety under Vehumet
  6179 | D:6      | Offered knowledge of Freeze by Vehumet.
  7430 | D:7      | Reached skill level 5 in Dodging
  7510 | D:7      | Found a sparkling altar of Nemelex Xobeh.
  7687 | D:7      | Found a sparkling altar of Nemelex Xobeh.
  7715 | D:7      | Noticed roxanna's ghost (novice GrWz)
  7729 | D:7      | Killed roxanna's ghost
  7729 | D:7      | Reached XP level 10. HP: 85/96 MP: 9/21
  8118 | D:7      | Found an ancient bone altar of Kikubaaqudgha.
  8377 | D:7      | Reached skill level 10 in Conjurations
  8446 | D:8      | Offered knowledge of Sandblast by Vehumet.
  8449 | D:8      | Learned a level 1 spell: Sandblast
  8474 | D:8      | Reached ** piety under Vehumet
  8633 | D:8      | Reached skill level 1 in Shields
  8675 | D:8      | Found a deep blue altar of Sif Muna.
  9058 | D:8      | Reached skill level 1 in Earth Magic
  9452 | D:8      | Noticed Joseph
  9531 | D:8      | Killed Joseph
  9841 | D:8      | Found an ancient bone altar of Kikubaaqudgha.
  9906 | D:8      | Offered knowledge of Stone Arrow by Vehumet.
  9911 | D:8      | Learned a level 3 spell: Stone Arrow
 10385 | D:9      | Found a basalt altar of Yredelemnul.
 10485 | D:9      | Reached skill level 1 in Staves
 10586 | D:9      | Found a burning altar of Makhleb.
 10588 | D:9      | Reached *** piety under Vehumet
 10713 | D:9      | Found a staircase to the Lair.
 10855 | D:9      | Noticed a two-headed ogre
 10867 | D:9      | Killed a two-headed ogre
 11013 | D:9      | Reached XP level 11. HP: 83/102 MP: 15/24
 11213 | D:9      | Noticed Erolcha
 11219 | D:9      | Killed Erolcha
 11656 | D:10     | Entered Level 10 of the Dungeon
 11882 | D:10     | Noticed Nergalle
 12018 | D:10     | Found an ancient bone altar of Kikubaaqudgha.
 12052 | D:10     | Offered knowledge of Sticky Flame by Vehumet.
 12175 | D:10     | Found a blossoming altar of Fedhas.
 12176 | D:10     | Noticed a four-headed hydra
 12181 | D:10     | Killed a four-headed hydra
 12604 | D:10     | Found Ujaorra's Antique Weapon Shoppe.
 12848 | D:10     | Killed Nergalle
 13344 | D:11     | Found Ucvoiczu's Armour Boutique.
 13579 | D:11     | Reached **** piety under Vehumet
 13646 | D:11     | Learned a level 4 spell: Sticky Flame
 13859 | D:11     | Offered knowledge of Lee's Rapid Deconstruction by Vehumet.
 14185 | D:11     | Reached skill level 5 in Shields
 14341 | D:11     | Found a staircase to the Orcish Mines.
 14475 | D:11     | Reached skill level 10 in Spellcasting
 14516 | D:11     | Noticed a two-headed ogre
 14599 | D:11     | Killed a two-headed ogre
 14702 | D:11     | Noticed a six-headed hydra
 14711 | D:11     | Killed a six-headed hydra
 14711 | D:11     | Reached XP level 12. HP: 71/111 MP: 12/26
 14788 | D:11     | Found Wuteabeleu's General Store.
 14811 | D:11     | Learned a level 5 spell: Lee's Rapid Deconstruction
 14876 | D:11     | Found Gorashryboi's Book Shop.
 15042 | D:11     | Found Keker's Antique Armour Shoppe.
 15067 | D:11     | Reached skill level 5 in Earth Magic
 15101 | D:11     | Reached skill level 5 in Staves
 15448 | D:12     | Reached ***** piety under Vehumet
 15451 | D:12     | Offered knowledge of Lightning Bolt by Vehumet.
 15492 | D:11     | Bought the +0 cloak of Recklessness {rElec rPois Int+7 Dex-3} for 559 gold pieces
 15639 | D:12     | Learned a level 2 spell: Repel Missiles
 16009 | D:12     | Noticed a death knight
 16018 | D:12     | Reached skill level 1 in Evocations
 16986 | D:12     | Found a portal to a secret trove of treasure.
 17134 | Lair:1   | Entered Level 1 of the Lair of Beasts
 17824 | Lair:1   | Identified a scroll of acquirement
 18179 | Lair:2   | Found a frozen archway.
 18267 | IceCv    | Entered an ice cave
 18514 | IceCv    | Reached XP level 13. HP: 99/122 MP: 26/28
 18744 | IceCv    | Noticed an ice dragon
 18745 | IceCv    | Noticed an ice dragon
 18759 | IceCv    | Killed an ice dragon
 18767 | IceCv    | Killed an ice dragon
 19049 | IceCv    | Got a twitching tin ring
 19221 | Lair:2   | Identified the ring "Wuwy" {Wiz +Fly rF- Int+8 Slay+6} (You found it in an ice cave)
 19903 | Lair:3   | Found a staircase to the Snake Pit.
 20320 | Lair:3   | Offered knowledge of Olgreb's Toxic Radiance by Vehumet.
 21389 | Lair:4   | Found a staircase to the Swamp.
 22472 | Lair:5   | Reached XP level 14. HP: 129/131 MP: 15/30
 23114 | Lair:6   | Entered Level 6 of the Lair of Beasts
 25023 | Lair:6   | Got a jewelled lajatang
 25029 | Lair:6   | Identified the +5 lajatang of Responsibility {venom, MR+++ Str-2 Dex+6} (You found it on level 6 of the Lair of Beasts)
 25766 | Lair:6   | Reached ****** piety under Vehumet
 25827 | Lair:6   | Offered knowledge of Poisonous Cloud by Vehumet.
 26238 | Lair:6   | Reached XP level 15. HP: 140/140 MP: 19/32
 26670 | Lair:6   | Found a staircase to the Slime Pits.
 26754 | Lair:6   | Found a runed door.
 26978 | Lair:6   | Noticed an acid blob
 26986 | Lair:6   | Killed an acid blob
 26996 | Lair:6   | Learned a level 5 spell: Poisonous Cloud
 27785 | D:9      | Found a white marble altar of Elyvilon.
 27865 | D:11     | Upgraded the game from 0.20-a0-433-g9e36e56 to 0.20-a0-435-gf4ea4dd
 27866 | Orc:1    | Entered Level 1 of the Orcish Mines
 27996 | Orc:2    | Entered Level 2 of the Orcish Mines
 28011 | Orc:1    | Found a bloodstained altar of Trog.
 28011 | Orc:1    | Noticed Snorg
 28018 | Orc:1    | Killed Snorg
 28559 | Orc:2    | Found Uwuyzas's Book Boutique.
 29266 | Orc:2    | Found Efrunt's Gadget Emporium.
 29266 | Orc:2    | Found Zeuph's Magic Scroll Boutique.
 29297 | Orc:2    | Bought a scroll of identify for 22 gold pieces
 29297 | Orc:2    | Bought a scroll of identify for 22 gold pieces
 29329 | Orc:2    | Found a roughly hewn altar of Beogh.
 29361 | Orc:2    | Offered knowledge of Orb of Destruction by Vehumet.
 29527 | Orc:2    | Reached skill level 10 in Earth Magic
 29645 | Orc:2    | Found a roughly hewn altar of Beogh.
 29675 | Orc:2    | Found a staircase to the Elven Halls.
 29687 | Orc:2    | Found Dilolioch's Weapon Emporium.
 29687 | Orc:2    | Found Deaso's Book Boutique.
 30424 | D:12     | Learned a level 7 spell: Orb of Destruction
 31261 | D:14     | Found a gate to the Vaults.
 31261 | D:14     | Noticed Nessos
 31261 | D:14     | Noticed Urug
 31261 | D:14     | Noticed Rupert
 31475 | D:13     | HP: 1/143 [Rupert/great mace of draining (36)]
 31475 | D:13     | Demolished by Rupert

Vault maps used:
D:1:      lightli_arrival_statue_moat
D:2:      lemuel_coloured_pillars_altar, grunt_qazlal_clouds,
          grunt_gozag_statues
D:3:      overflow_temple_1_default, corexii_shack,
          nicolae_ru_sacrificial_ziggurat, uniq_jessica
D:4:      kennysheep_mini, gup_sewer_entry_bubbles, serial_shops,
          nicolae_shop_crystal, fedhas_altar_fruit_tree
D:5:      old_standard_altar, first_bread, uniq_pikel
D:7:      kiku_gazebo_garden_becter, nemelex_xobeh_ov_fountains_minmay,
          basic_altar
D:8:      lemuel_round_altar, basic_altar, uniq_joseph
D:9:      nicolae_overflow_hidden_temple, yredelemnul_altar_generic,
          makhleb_blood_cavern_becter, david_lair_shrubbed, the_bakery,
          uniq_erolcha
D:10:     serial_shops, shop, hangedman_feature_mirror, uniq_nergalle
D:11:     zombieorc1_lemuel, serial_shops, shop_statue, shop, shop,
          kennysheep_mini_moat, grunt_ministairs_14
D:12:     nicolae_trove_entry_crystal
D:14:     hangedman_cross_veins, david_vaults_3, lemuel_tele_altar
Temple:   chequers_temple_sunken
Lair:2:   portal_ice_cave_entry_ice_beasts
Lair:3:   minmay_lair_oklob_chamber
Lair:4:   minmay_swamp_entry_wisps, grunt_megastairs_4
Lair:5:   grunt_forest_stairs_basic, serial_bayou_ford_a, lemuel_fruit_fields,
          serial_bayou_shore_b
Lair:6:   wormcave, hangedman_lair_caniforms_friends, dpeg_slime_entry_corner
Orc:1:    basic_altar, uniq_snorg
Orc:2:    st_orc_town, serial_shops, nicolae_shop_statue_plus, basic_altar
IceCv:    ice_cave_small_dragons

Skill      XL: |  1  2  3  4  5  6  7  8  9 10 11 12 13 14 15 |
---------------+----------------------------------------------+-----
Dodging        | 2 3 5 6 7 8 |  8.6
Conjurations   | 4 5 7 8 9 10 11 12 13 | 13.6
Spellcasting   | 3 4 5 6 7 9 10 11 12 13 | 13.7
Fighting       | 1 4 5 6 7 |  7.7
Shields        | 3 5 7 8 9 |  9.2
Earth Magic    | 3 4 6 7 9 10 | 10.2
Staves         | 2 4 5 6 7 |  7.0
Evocations     | 1 2 3 4 |  4.0
Stealth        | |  1.4

Action                   |  1- 3 |  4- 6 |  7- 9 | 10-12 | 13-15 || total
-------------------------+-------+-------+-------+-------+-------++-------
Melee: Mace              |    29 |    23 |    15 |     6 |       ||    73
       Unarmed           |     1 |       |       |       |       ||     1
       Quarterstaff      |       |       |       |    13 |       ||    13
       Lajatang          |       |       |       |     7 |       ||     7
       Staff             |       |       |       |       |   110 ||   110
Throw: Large rock        |       |       |       |     1 |     2 ||     3
 Cast: Magic Dart        |    81 |    70 |   131 |   243 |    35 ||   560
       Searing Ray       |     1 |    12 |    44 |    73 |    14 ||   144
       Iskenderun's Myst |       |       |     1 |    43 |   175 ||   219
       Stone Arrow       |       |       |       |   217 |   365 ||   582
       Sticky Flame      |       |       |       |    17 |    82 ||    99
       Lee's Rapid Decon |       |       |       |    11 |    60 ||    71
       Dazzling Spray    |       |       |       |     2 |     2 ||     4
       Repel Missiles    |       |       |       |     1 |     1 ||     2
       Poisonous Cloud   |       |       |       |       |     4 ||     4
Evoke: Wand              |       |       |       |    10 |     4 ||    14
  Use: Scroll            |     6 |     2 |     8 |    17 |    10 ||    43
       Potion            |       |     1 |       |     5 |     7 ||    13
 Stab: Sleeping          |     1 |       |     1 |       |       ||     2
  Eat: Chunk             |     2 |     7 |     7 |    24 |    26 ||    66
       Pizza             |       |       |     1 |       |     2 ||     3
       Meat ration       |       |       |     1 |     2 |       ||     3
       Fruit             |       |       |       |     3 |     7 ||    10
       Royal jelly       |       |       |       |     1 |       ||     1
Armor: Robe              |    12 |     8 |    16 |    37 |    59 ||   132
Dodge: Dodged            |    27 |    36 |    47 |    92 |   173 ||   375
       Deflected         |       |       |       |     2 |     2 ||     4
Block: Shield            |       |       |       |       |   170 ||   170
